 Dungeon Crawl Stone Soup version 0.30-a0-840-ga523dec638 (webtiles) character file.

Game seed: 7726127322011334620

2683 bmack86 the Cleaver (level 9, 0/77 (79) HPs)
             Began as a Minotaur Fighter on Mar 1, 2023.
             Was a Follower of Okawaru.
             Slain by a wight
             ... wielding a +0 mace
              (3 damage)
             ... on level 7 of the Dungeon.
             The game lasted 00:14:20 (5410 turns).

bmack86 the Cleaver (Minotaur Fighter)              Turns: 5410, Time: 00:14:21

HP:   0/77 (79)     AC: 20    Str: 24    XL:     9   Next: 37%
MP:   8/10          EV:  8    Int:  5    God:    Okawaru [*.....]
Gold: 255           SH:  7    Dex: 11    Spells: 8/8 levels left

rFire   . . .      SeeInvis .    a - +1 war axe (spect)
rCold   . . .      Faith    .    c - +0 buckler
rNeg    . . .      Spirit   .    H - +0 plate armour
rPois   +          Reflect  .    (helmet restricted)
rElec   .          Harm     .    u - +0 cloak {rPois}
rCorr   .          Rampage  .    o - +0 pair of gloves
Will    .....                    x - +0 pair of boots Stlth
                                 q - amulet of regeneration
HPRegen 1.12/turn                (no ring)
MPRegen 0.12/turn                (no ring)

@: heroic, lightly drained
A: horns 2, retaliatory headbutt
a: Renounce Religion, Heroism


You were on level 7 of the Dungeon.
You worshipped Okawaru.
Okawaru was aware of your devotion.
You visited 2 branches of the dungeon, and saw 8 of its levels.

You collected 255 gold pieces.

Inventory:

Hand Weapons
 a - a +1 spectral war axe (weapon)
Missiles
 g - 2 curare-tipped darts
 j - 15 boomerangs (quivered)
Armour
 c - a +0 buckler (worn)
 e - a +0 cloak of stealth
 o - a +0 pair of gloves (worn)
 u - a +0 cloak of poison resistance (worn)
 x - a +0 pair of boots (worn)
 H - a +0 plate armour (worn)
Jewellery
 n - an amulet of faith
 q - an amulet of regeneration (around neck)
 s - a ring of protection from fire
 D - a +6 ring of intelligence
Wands
 b - a wand of paralysis (1)
 m - a wand of flame (46)
 B - a wand of digging (5)
 F - a wand of light (10)
Scrolls
 p - a scroll of teleportation
 r - 2 scrolls of blinking
 A - a scroll of enchant weapon
 C - 3 scrolls of fog
 E - a scroll of identify
 G - a scroll of silence
Potions
 d - 8 potions of might
 f - a potion of cancellation
 h - a potion of resistance
 i - 4 potions of heal wounds
 k - a potion of lignification
 l - a potion of curing
 t - 2 potions of flight
 v - a potion of attraction
 w - 3 potions of invisibility {unknown}
 z - a potion of brilliance {unknown}


   Skills:
 + Level 7.1(12.1) Fighting
 * Level 9.0(14.0) Axes
 + Level 4.7(9.7) Throwing
 + Level 7.0(12.0) Armour
 + Level 7.1(12.1) Shields
 + Level 3.0 Invocations


You had 8 spell levels left.
You didn't know any spells.
Your spell library contained the following spells:

 Spells                   Type           Power      Damage    Failure   Level
 Freeze                   Ice            0%         1d3       99%         1
 Frozen Ramparts          Ice            0%         1d1       100%        3
 Hailstorm                Conj/Ice       0%         3d3       100%        3


Dungeon Overview and Level Annotations

Branches:
Dungeon (7/15)             Temple (1/1) D:5

Altars:
Cheibriados
Elyvilon
Gozag
Hepliaklqana
Kikubaaqudgha
Makhleb
Nemelex Xobeh
Okawaru
Qazlal
Ru
Trog
Uskayaw
Vehumet
Xom
Yredelemnul
Zin

Shops:
D:3 *(   D:6 [   D:7 =


Innate Abilities, Weirdness & Mutations

You have a pair of horns on your head.
You reflexively headbutt those who attack you in melee.


Message History

A nearby plant withers and dies. x2; You block the wight's attack.
The wight hits your +1 spectral war axe with a +3 hand axe.
Your spectral weapon shares its damage with you!
* * * LOW HITPOINT WARNING * * *
You slash the wight!
The wight is almost destroyed.
You barely miss the wight.
Your +1 spectral war axe barely misses the wight.
A nearby plant withers and dies.
The wight closely misses you.
You slash the wight!
You destroy the wight!
Okawaru accepts your kill.
You barely miss the wight. You hit the wight but do no damage.
Your +1 spectral war axe hits the wight.
The wight splashes around in the water.
Your base Armour skill increases to level 7!
You slash the wight!
You headbutt the wight, but do no damage.
The wight is almost destroyed.
You catch the helpless wight completely off-guard!
You slash the wight!
You destroy the wight!
Okawaru accepts your kill.
You hear a splash. x2
You barely miss the wight.
Your +1 spectral war axe hits the wight!
Your +1 spectral war axe completely misses the wight.
The wight hits you but does no damage.
Your base Axes skill increases to level 9!
Your Invocations skill increases to level 3!
You hit the wight.
You destroy the wight!
Okawaru accepts your kill.
You hit the wight.
Your +1 spectral war axe closely misses the wight.
You block the wight's attack.
You swap places.
The wight hits you with a +0 mace!
* * * LOW HITPOINT WARNING * * *
You feel drained.
You die...

## ##### ## ~### ~♣~~♣##
########~♣♣♣~~♣ ~~~~~~#
#.....#♣♣~~~P♣♣♣♣~~P~~~P
..♣♣..♣~~~~~P~§)z~~~~~~P
.♣~~...........§@.......
~~~~~.~~~~~~~~~~~~~~~~~P
~~P~~.~†~~~≈~~P~~§~~~~♣#
~~~≈~.~~~~~~~♣P~~P§P~~#
~≈≈≈~.~~~♣♣♣~##.~♣♣~~...
~~≈~~.~~♣♣ ~###.## #####
~~≈≈~.~≈♣ ~# ... ..
≈~≈≈~.~P♣♣~ #### ..
P≈≈≈~.~~P♣ #.


You could see a wight.

Vanquished Creatures
  Joseph (D:7)
  A water moccasin (D:6)
  Duvessa (D:4)
  An ice beast (D:6)
  A black bear (D:6)
  2 ogres
  2 centaurs (D:6)
  A phantom (D:6)
  2 scorpions
  5 necrophages
  4 wights (D:7)
  Dowan (D:4)
  A howler monkey (D:5)
  4 electric eels (D:7)
  4 hounds
  Crazy Yiuf (D:2)
  2 orc priests
  2 jellies (D:5)
  6 iguanas
  A scorpion zombie (D:3)
  4 orc wizards
  A howler monkey zombie (D:3)
  7 adders
  A shadow imp (D:6)
  2 ufetubi
  A worm (D:4)
  4 dart slugs
  16 orcs
  4 endoplasms
  3 giant cockroaches
  6 goblins
  9 hobgoblins
  8 jackals
  5 kobolds
  8 quokkas
  5 ball pythons
  6 bats
  2 frilled lizards
  2 rats (D:1)
137 creatures vanquished.

Vanquished Creatures (others)
  10 fungi (D:7)
  12 plants (D:7)
22 creatures vanquished.

Grand Total: 159 creatures vanquished

Notes
Turn   | Place    | Note
-------+----------+-------------------------------------------
     0 | D:1      | bmack86 the Minotaur Fighter began the quest for the Orb.
     0 | D:1      | Reached XP level 1. HP: 19/19 MP: 0/0
    47 | D:1      | Reached XP level 2. HP: 23/27 MP: 1/1
    89 | D:1      | You fall into a shaft and drop 1 floor!
   207 | D:2      | Reached skill level 3 in Axes
   877 | D:1      | Reached XP level 3. HP: 33/33 MP: 2/2
  1080 | D:1      | Found a faded altar of an unknown god.
  1325 | D:1      | Identified a scroll of acquirement
  1325 | D:1      | Acquired a +0 cloak of stealth
  1728 | D:2      | Found a runed translucent door.
  1729 | D:2      | Noticed Crazy Yiuf
  1736 | D:2      | Killed Crazy Yiuf
  1737 | D:2      | Reached skill level 1 in Throwing
  1737 | D:2      | Reached XP level 4. HP: 38/40 MP: 3/3
  2035 | D:3      | Found Ifyithroi's Weapon Shop.
  2093 | D:3      | Noticed a necrophage
  2104 | D:3      | Killed a necrophage
  2105 | D:3      | Reached skill level 4 in Axes
  2105 | D:3      | Reached XP level 5. HP: 46/47 MP: 4/4
  2199 | D:3      | Found an opulent altar of Gozag.
  2199 | D:3      | Found Gozag's Platinum Reserve.
  2650 | D:3      | Reached XP level 6. HP: 41/53 MP: 5/5
  2652 | D:3      | Reached skill level 5 in Axes
  2663 | D:3      | Found a basalt altar of Yredelemnul.
  2838 | D:4      | Reached skill level 5 in Shields
  2872 | D:4      | Found a glowing silver altar of Zin.
  2973 | D:4      | Reached skill level 5 in Fighting
  3001 | D:4      | Reached skill level 5 in Armour
  3293 | D:4      | Reached XP level 7. HP: 58/61 MP: 6/6
  3326 | D:4      | Found a sacrificial altar of Ru.
  3334 | D:4      | Noticed Duvessa
  3337 | D:4      | Noticed Dowan
  3340 | D:4      | Killed Duvessa
  3341 | D:4      | Reached skill level 6 in Axes
  3351 | D:4      | Killed Dowan
  3591 | D:5      | Entered Level 5 of the Dungeon
  3789 | D:5      | Reached XP level 8. HP: 70/70 MP: 7/7
  3807 | D:5      | Reached skill level 7 in Axes
  3815 | D:5      | Found a staircase to the Ecumenical Temple.
  3825 | Temple   | Entered the Ecumenical Temple
  3838 | Temple   | Became a worshipper of Warmaster Okawaru
  4446 | D:6      | Reached skill level 1 in Invocations
  4487 | D:6      | Reached * piety under Okawaru
  4506 | D:6      | Reached skill level 8 in Axes
  4554 | D:6      | Found Xijisez's Antique Armour Boutique.
  4613 | D:6      | Reached XP level 9. HP: 53/78 MP: 9/9
  4640 | D:6      | Found a stormy altar of Qazlal.
  4717 | D:6      | Found a snail-covered altar of Cheibriados.
  5276 | D:7      | Found Filad's Jewellery Boutique.
  5276 | D:7      | Noticed Joseph
  5290 | D:7      | Paralysed by Joseph for 3 turns
  5304 | D:7      | Killed Joseph
  5342 | D:7      | Found a hide-covered altar of Uskayaw.
  5409 | D:7      | Reached skill level 9 in Axes
  5410 | D:7      | HP: 3/79 [wight/+0 mace (7)]
  5410 | D:7      | Slain by a wight

Illustrated notes

Levels and vault maps discovered:
D:1:      minmay_arrival_diagonal_passages, layout_rooms,
          chequers_ecumenical_altar_twisty, corner_web_ring
D:2:      layout_loops_corners, serial_co_window_serial, co_window_paths_a,
          co_window_corner_a, co_window_cross_1, co_window_paths_a,
          co_window_paths_b, co_window_2corner, co_window_paths_c,
          co_window_paths_c, co_window_sun, co_window_paths_d, glass_columns_b,
          glass_columns_a, st_stairs_10, chequers_jeans, uniq_crazy_yiuf_cottage
D:3:      layout_loops_ring, lemuel_zombie_altar_yredelemnul,
          nicolae_gozag_zags_fifth_avenue, serial_shops,
          nicolae_shop_behind_doors, serial_bayou_crossing
D:4:      layout_loops_cross, lemuel_crystal_altar,
          nicolae_ru_sacrificial_ziggurat, minmay_crystal_room,
          hangedman_decor_clover_reticule, uniq_duvessa
D:5:      minmay_evil_eye, layout_basic
D:6:      layout_rooms, mainiacjoe_overflow_boulevard, general_overflow_altar,
          nicolae_take_the_stairs, minmay_fractal_squares_gapless_5
D:7:      layout_basic, amcnicky_altar_gilded, serial_bayou,
          serial_bayou_lagoon_b, serial_bayou_shore_a, serial_bayou_pond_a,
          serial_bayou_pond_a, serial_shops, nicolae_stop_n_shop_1,
          nicolae_shop_hallway_plus, enter_ossuary_3,
          dreamdust_mushroom_princess, uniq_joseph, uniq_maggie
Temple:   nicolae_temple_x_marks_the_god

Skill      XL: |  1  2  3  4  5  6  7  8  9 |
---------------+----------------------------+-----
Axes           | 3 4 5 6 8 9 |  9.0
Fighting       | 4 5 6 7 |  7.1
Armour         | 4 5 6 7 |  7.0
Shields        | 4 5 6 7 |  7.1
Throwing       | 1 2 3 4 |  4.7
Invocations    | 2 3 |  3.0

Action                     |  1- 3 |  4- 6 |  7- 9 || total
---------------------------+-------+-------+-------++-------
  Melee: War axe           |    88 |    85 |   117 ||   290
         Headbutt          |     6 |     9 |    21 ||    36
  Throw: Boomerang         |       |       |    15 ||    15
 Invoke: Heroism           |       |       |     2 ||     2
    Use: Scroll            |     5 |    10 |     4 ||    19
   Stab: Distracted        |       |       |     4 ||     4
 Armour: Scale mail        |    45 |    55 |    16 ||   116
         Chain mail        |       |       |    57 ||    57
         Plate armour      |       |       |    21 ||    21
  Dodge: Dodged            |    56 |    35 |    39 ||   130
  Block: Buckler           |    27 |    14 |    35 ||    76

Table legend: (Time is in decaauts)
 A = Elapsed time spent in this place.
 B = Non-inter-level travel time spent in this place.
 C = Inter-level travel time spent in this place.
 D = Time resting spent in this place.
 E = Time spent auto-exploring this place.
 F = Levels seen in this place.
 G = Mean time per level.
                   A        B        C        D        E       F      G
               +--------+--------+--------+--------+--------+-----+--------+
         Total |   5500 |   5336 |    164 |      0 |   3420 |   8 |  687.5 |
       Dungeon |   5479 |   5321 |    158 |      0 |   3420 |   7 |  782.7 |
        Temple |     20 |     14 |      6 |      0 |      0 |   1 |   20.0 |
               +--------+--------+--------+--------+--------+-----+--------+

Top non-repeatable levels by time:
     D:2: 1362 daAuts
     D:4: 832 daAuts
     D:3: 803 daAuts
     D:5: 795 daAuts
     D:1: 662 daAuts
     D:6: 542 daAuts
     D:7: 481 daAuts
  Temple: 20 daAuts
